 Dungeon Crawl Stone Soup version 0.31.0-32-g396128a36d (webtiles) character file.

Game seed: 14776171766688038566

797 LavenderCorpse the Grappler (level 7, -1/52 HPs)
             Began as a Grey Draconian Shapeshifter on Mar 14, 2024.
             Engulfed by a cloud of flame (10 damage)
             ... on level 5 of the Dungeon.
             The game lasted 00:07:49 (6980 turns).

LavenderCorpse the Grappler (DrSh)                  Turns: 6980, Time: 00:07:49

Health: -1/52      AC: 11    Str: 18    XL:     7   Next: 58%
Magic:  7/7        EV: 12    Int: 10    God:
Gold:   221        SH:  0    Dex: 11    Spells: 6/6 levels left

rFire   . .          .
                       - Unarmed
rCold   . . .        q - orb {*Rage}
rNeg    + . .        (body armour unavailable)
rPois   .            (helmet currently unavailable)
rElec   .            (cloak currently unavailable)
rCorr   .            (gloves currently unavailable)
SInv    .            (boots currently unavailable)
Will    .....        (no amulet)
Stlth   +            e - ring of positive energy
HPRegen 0.28/turn    (no ring)
MPRegen 0.10/turn

%: random rage (20%)
@: beast-form
A: beast (slay +2), AC +11, amphibious, unfitting armour, cold-blooded
a: Begin Untransformation


You were on level 5 of the Dungeon.
You were a hulking beast.
You visited 1 branch of the dungeon, and saw 5 of its levels.

You collected 221 gold pieces.

Inventory:

Missiles
 j - 2 throwing nets (quivered)
Armour
 i - a +0 helmet
 q - an orb of wrath (worn)
 A - +0 steam dragon scales
Jewellery
 e - a ring of positive energy (left hand)
Talismans
 b - a beast talisman (active)
 c - a flux talisman
Scrolls
 d - 5 scrolls of identify {unknown}
 f - a scroll of fear {unknown}
 h - 2 scrolls of revelation {unknown}
 k - 2 scrolls of silence {unknown}
 l - 2 scrolls of fog {unknown}
 o - a scroll of torment {unknown}
 r - a scroll of poison {unknown}
 t - 2 scrolls of enchant armour {unknown}
 u - a scroll of brand weapon {unknown}
 w - a scroll of blinking {unknown}
 x - a scroll of teleportation {unknown}
 y - a scroll of noise {unknown}
 z - a scroll of vulnerability {unknown}
Potions
 a - 2 potions of lignification
 g - a potion of curing {unknown}
 n - a potion of mutation {unknown}
 p - a potion of enlightenment {unknown}
 s - a potion of might {unknown}
 v - a potion of attraction {unknown}


   Skills:
 - Level 1.1 Fighting
 - Level 1.7 Dodging
 - Level 8.0 Unarmed Combat
 + Level 4.9 Shapeshifting


You had 6 spell levels left.
You didn't know any spells.
Your spell library contained the following spells:

 Spells                   Type           Power      Damage    Failure   Level
 Apportation              Tloc           0%         N/A       36%         1
 Necrotise                Necr           0%         1d4       36%         1
 Sting                    Conj/Alch      0%         1d3       36%         1
 Summon Small Mammal      Summ           0%         N/A       36%         1


Dungeon Overview and Level Annotations

Branches:
Dungeon (5/15)
 Temple: D:4-7

Altars:

Shops:
D:1 *   D:5 [

Annotations:
D:5 3 runed translucent doors, Tali's ghost, novice DsCK


Innate Abilities, Weirdness & Mutations

You are a hulking beast.
Your limbs bulge with bestial killing power. (Slay +2)
Your dull iron-grey scales are very hard. (AC +11)
You are amphibious.
You cannot fit into any form of body armour.
You are cold-blooded and may be slowed by cold attacks.


Message History

Training target 8.0 for Unarmed Combat reached!
Your Unarmed Combat skill increases to level 8!
No target in view!
No target in view!
No target in view!
No target in view!
No target in view!
No target in view!
Calm down first, please.
You start waiting.
You feel a strong urge to attack something.
You start waiting.
You feel your anger nearly subside.
You are no longer berserk.
You are exhausted.
You feel yourself slow down.
You start waiting.
You feel yourself speed up.
You start waiting.
You recover from your berserk rage.
You start waiting.
You start waiting.
You start waiting.
You start waiting.
You start waiting.
You start waiting.
Done waiting.
Found an escape hatch in the ceiling.
You see here 6 stones.
Found +0 steam dragon scales.
z - a scroll labelled BAECEJ QIR You are engulfed in blazing flames.
You see here +0 steam dragon scales.
A - +0 steam dragon scales You are engulfed in blazing flames.
You are engulfed in blazing flames.
* * * LOW HITPOINT WARNING * * *
You feel much better.
You are engulfed in blazing flames.
* * * LOW HITPOINT WARNING * * *
You are engulfed in blazing flames.
You die...

###... ....# ..#.#
#.#.###### #
#......... ##§
#.#......
#########☼○..####
.°°#8#§§§○○.....##
#########h○..###.##
##. #.....##..# #
#......#..#
#.......#.#
.......####.#
##.##<#####(###
..................#
#..###............#
#..######.#####.#.#


There were no monsters in sight!

Vanquished Creatures
  An orc warrior (D:4)
  An ice beast (D:5)
  An ogre (D:5)
  A phantom (D:4)
  A kobold brigand (D:3)
  A bombardier beetle (D:2)
  A jelly (D:5)
  An orc priest (D:5)
  A hound (D:4)
  4 orc wizards
  5 adders
  A ribbon worm (D:5)
  3 dart slugs
  15 orcs
  7 ball pythons
  5 bats (D:1)
  7 endoplasms
  4 giant cockroaches
  7 goblins
  6 hobgoblins
  4 jackals (D:1)
  5 kobolds
  2 quokkas
  3 frilled lizards (D:3)
  7 rats
  A spectral goblin (D:2)
95 creatures vanquished.

Vanquished Creatures (others)
  A steam dragon (D:5)
  2 ufetubi (D:5)
  3 jackals (D:5)
6 creatures vanquished.

Grand Total: 101 creatures vanquished

Notes
Turn   | Place    | Note
-------+----------+-------------------------------------------
     0 | D:1      | LavenderCorpse the Draconian Shapeshifter began the quest
                  | for the Orb.
     0 | D:1      | Reached XP level 1. HP: 16/16 MP: 1/1
   150 | D:1      | Reached XP level 2. HP: 22/23 MP: 2/2
   265 | D:1      | Found Picvog's General Store.
   404 | D:1      | Reached XP level 3. HP: 28/28 MP: 3/3
   922 | D:2      | Reached skill level 4 in Unarmed Combat
  1068 | D:2      | Found a faded altar of an unknown god.
  1566 | D:2      | Reached XP level 4. HP: 7/35 MP: 4/4
  2350 | D:3      | Noticed a kobold brigand
  2357 | D:3      | Killed a kobold brigand
  2358 | D:3      | Reached skill level 5 in Unarmed Combat
  2358 | D:3      | Reached XP level 5. HP: 40/40 MP: 5/5
  4568 | D:4      | Reached XP level 6. HP: 42/47 MP: 6/6
  4611 | D:4      | Reached skill level 6 in Unarmed Combat
  5334 | D:4      | Noticed an orc warrior
  5343 | D:4      | Killed an orc warrior
  5458 | D:5      | Entered Level 5 of the Dungeon
  5468 | D:4      | Reached skill level 7 in Unarmed Combat
  5468 | D:4      | Your scales start taking on a dull iron-grey colour.
  5468 | D:4      | Reached XP level 7. HP: 52/52 MP: 7/7
  5922 | D:5      | Killed a steam dragon
  6211 | D:5      | Found Goovois's Armour Shop.
  6227 | D:5      | Found a runed translucent gate.
  6227 | D:5      | Found a runed translucent gate.
  6228 | D:5      | Found a runed translucent gate.
  6231 | D:5      | Noticed Tali's ghost (novice DsCK)
  6707 | D:5      | Reached skill level 8 in Unarmed Combat
  6980 | D:5      | Engulfed by a cloud of flame

Illustrated notes

Levels and vault maps discovered:
D:1:      dpeg_arrival_tiny_g, layout_loops_cross, serial_shops, shop
D:2:      layout_basic, dreamdust_ecumenical_altar_drowned_temple,
          chequers_serial_rivers_room_b, guppyfry_early_orc_mine
D:3:      layout_basic
D:4:      layout_basic, nicolae_nh_ransacked_shop
D:5:      layout_loops_ring, mainiacjoe_overflow_alcove_2, serial_shops,
          nicolae_shop_stone, gammafunk_ghost_necromancy,
          hangedman_decor_opposing, grunt_ministairs_7, lemuel_flamethrower_2

Skill      XL: |  1  2  3  4  5  6  7 |
---------------+----------------------+-----
Unarmed Combat | 4 5 7 8 |  8.0
Shapeshifting  | 4 |  4.9
Fighting       | |  1.1
Dodging        | |  1.7

Action                     |  1- 3 |  4- 6 |  7- 9 || total
---------------------------+-------+-------+-------++-------
  Melee: Unarmed           |   105 |   118 |    19 ||   242
         Tailslap          |    15 |     8 |     3 ||    26
         Punch             |     2 |       |       ||     2
    Use: Potion            |       |     1 |     1 ||     2
   Stab: Sleeping          |     2 |       |       ||     2
 Armour: Skin              |    43 |    64 |    18 ||   125
  Dodge: Dodged            |    60 |    52 |     3 ||   115
   Form: Beast             |     1 |       |       ||     1
